 Dungeon Crawl Stone Soup version 0.15.0-34-g666c3a1 (webtiles) character file.

1732 Jenx the Quickloader (level 8, -1/63 HPs)
             Began as a Deep Dwarf Hunter on Sept 16, 2014.
             Was a Priest of Makhleb.
             Incinerated by a smoke demon (3 damage)
             ... with a sticky flame
             ... on Level 5 of the Dungeon.
             The game lasted 00:31:40 (6235 turns).

Jenx the Quickloader (Deep Dwarf Hunter)            Turns: 6235, Time: 00:31:40

HP  -1/63        AC 11     Str 17      XL: 8   Next: 76%
MP  24/24        EV  6     Int 13      God: Makhleb [***...]
Gold 265         SH  0     Dex 13      Spells:  0 memorised,  7 levels left

rFire  . . .     SeeInvis .     b - +1 hand crossbow
rCold  . . .     Clarity  .     M - +0 chain mail
rNeg   . . .     rCorr    .     (no shield)
rPois  .         rRot     .     (no helmet)
rElec  .         Spirit   .     (no cloak)
SustAb .         Warding  .     E - +0 pair of gloves
rMut   .         Stasis   .     (no boots)
Gourm  .                        (no amulet)
MR     +....                    (no ring)
                                k - ring of magical power

@: liquid flames, non-regenerating, glowing, somewhat resistant to hostile
enchantments, extremely unstealthy
A: damage resistance, recharge devices, sense surroundings 1, slow healing 3
a: Device Recharging, Minor Destruction, Lesser Servant of Makhleb, Renounce
Religion


You were on level 5 of the Dungeon.
You worshipped Makhleb.
Makhleb was most pleased with you.
You were hungry.

You visited 2 branches of the dungeon, and saw 6 of its levels.
You also visited: Ossuary.

You collected 265 gold pieces.

Inventory:

Hand weapons
 a - a +0 hand axe
 b - a +1 hand crossbow (weapon)
Missiles
 c - 35 bolts (quivered)
Armour
 E - a +0 pair of gloves (worn)
 M - a +0 chain mail (worn)
Magical devices
 e - a wand of heal wounds (3)
 f - a wand of heal wounds (0)
 t - a wand of random effects (9)
 v - a wand of polymorph (9)
 F - a wand of flame (0)
Comestibles
 l - 4 meat rations
Scrolls
 g - 3 scrolls of fog
 w - a scroll of acquirement {unknown}
 H - 2 scrolls of magic mapping {unknown}
 J - a scroll of teleportation {unknown}
 K - a scroll of blinking
 L - 2 scrolls of enchant armour {unknown}
Jewellery
 k - a ring of magical power (left hand)
Potions
 d - a potion of invisibility {unknown}
 i - a potion of might
 j - 3 potions of mutation {unknown}
 m - a potion of confusion {unknown}
 o - 2 potions of curing
 p - 3 potions of agility
 q - a potion of beneficial mutation {unknown}
 r - 4 potions of brilliance
 s - a potion of flight {unknown}
 z - a potion of resistance {unknown}
 A - a potion of poison {unknown}
 B - a potion of berserk rage {unknown}
 G - a potion of haste {unknown}
 I - a potion of cancellation {unknown}


   Skills:
 - Level 0.8 Fighting
 * Level 5.7 Axes
 - Level 9.0 Crossbows
 - Level 5.0 Armour
 - Level 2.1 Dodging
 - Level 1.2 Stealth
 + Level 6.1 Invocations


You had 7 spell levels left.
You didn't know any spells.

Dungeon Overview and Level Annotations

Branches:
Dungeon (5/15)             Temple (1/1) D:5

Altars:
Elyvilon
Kikubaaqudgha
Makhleb
Xom
Yredelemnul
The Shining One

Shops:
D:4 [


Innate Abilities, Weirdness & Mutations

You are resistant to damage.
You can recharge devices by infusing magical energy.
You passively map a small area around you.
You do not heal naturally.


Message History

The centaur shoots an arrow.
The arrow barely misses you. The smoke demon gestures at you.
Something smites you!
* * * LOW HITPOINT WARNING * * *
Use which ability? (? or * to list)
A demon appears!
You feel slightly more hungry.
The centaur shoots an arrow.
The arrow hits your neqoxec.
Your quasit bites the smoke demon but does no damage.
Your quasit closely misses the smoke demon.
Your quasit claws the smoke demon but does no damage.
The centaur shoots an arrow.
The arrow hits your neqoxec.
Your quasit disappears in a puff of smoke!
The centaur unwields an uncursed shortbow.
The centaur closely misses your neqoxec.
The smoke demon gestures at you. The sticky flame hits you!
You are covered in liquid flames!
Your neqoxec barely misses the smoke demon.
You are covered in liquid flames!
You die...

.≈≈≈..≈≈≈≈....≈≈≈≈≈≈.≈≈)≈≈.≈≈≈≈.≈
.............(...................
..................(..............
....#....##...##(.......####'##..
#'###....##...##...##...##.....(.
.........(....##...####+##.>.....
...##...3##(...)....#............
...#####'##c33....(('...##...####
<..##...3##...##@..###+####+##...
.........##§####...###..##...#^..
...##....##.(.#.............()...
...##...5##...+.........##+###...
....+...3....§##....##..##...####
#+###....##...##....##'###....#
...##....####§##....#.........#
...##'#####.........#...##...####
...'......+.......>.+...##...#...


You could see a smoke demon, a centaur and a friendly neqoxec.

Vanquished Creatures
  The ghost of dasmau89 the Shield-Bearer, an experienced MiFi (D:5)
  Grinder (D:3)
  Purgy (D:3)
  An ogre (D:4)
  2 phantoms
  A centaur (D:5)
  Sigmund (D:2)
  Blork the orc (D:4)
  A scorpion (D:5)
  The ghost of dasmau89 the Sneak, a weakling SpEn (D:4)
  A hound (D:5)
  A giant frog skeleton (D:5)
  An iguana (D:4)
  2 worker ants
  12 mummies (Ossuary)
  3 gnolls (D:5)
  7 adders
  A giant mite (D:3)
  8 worms
  An ooze (D:2)
  10 orcs
  A bat zombie (D:5)
  A giant cockroach (D:1)
  14 hobgoblins
  12 kobolds
  4 quokkas
  9 bats
  3 giant geckos
  2 giant newts
  2 gnoll skeletons (Ossuary)
  12 goblins
  4 goblin skeletons
  A hobgoblin zombie (D:5)
  2 kobold skeletons (Ossuary)
  An orc skeleton (Ossuary)
  A quokka skeleton (D:4)
  9 rats
  11 rat skeletons (Ossuary)
  A bush (D:2)
  A butterfly (D:4)
149 creatures vanquished.

Vanquished Creatures (collateral kills)
  An orc wizard (D:5)
  A giant gecko (D:5)
  A kobold (D:5)
3 creatures vanquished.

Vanquished Creatures (others)
  A mummy (Ossuary)
  A white imp (D:5)
  An ufetubus (D:5)
3 creatures vanquished.

Grand Total: 155 creatures vanquished

Notes
Turn   | Place    | Note
--------------------------------------------------------------
     0 | D:1      | Jenx, the Deep Dwarf Hunter, began the quest for the Orb.
     0 | D:1      | Reached XP level 1. HP: 16/16 MP: 1/1
   241 | D:1      | Reached XP level 2. HP: 21/24 MP: 2/2
   292 | D:1      | Reached skill level 5 in Crossbows
   833 | D:2      | Reached XP level 3. HP: 27/30 MP: 3/3
  1099 | D:2      | Noticed Sigmund
  1109 | D:2      | Killed Sigmund
  1109 | D:2      | Reached skill level 6 in Crossbows
  1109 | D:2      | Reached skill level 1 in Armour
  1109 | D:2      | Reached XP level 4. HP: 37/37 MP: 4/4
  1332 | D:2      | Found a burning altar of Makhleb.
  1342 | D:2      | Became a worshipper of Makhleb the Destroyer
  1736 | D:2      | Reached XP level 5. HP: 26/43 MP: 5/5
  2181 | D:3      | Acquired Makhleb's first power
  2308 | D:3      | Found a white marble altar of Elyvilon.
  2351 | D:3      | Noticed Purgy
  2372 | D:3      | Noticed Grinder
  2379 | D:3      | Killed Purgy
  2379 | D:3      | Reached skill level 7 in Crossbows
  2379 | D:3      | Reached XP level 6. HP: 33/50 MP: 6/6
  2382 | D:3      | Paralysed by Grinder for 5 turns
  2391 | D:3      | Killed Grinder
  2391 | D:3      | Reached skill level 8 in Crossbows
  2552 | D:3      | Reached skill level 1 in Invocations
  2552 | D:3      | Reached XP level 7. HP: 42/56 MP: 8/8
  2983 | D:4      | Noticed Blork the orc
  2994 | D:4      | Killed Blork the orc
  3067 | D:4      | Found a shimmering altar of Xom.
  3229 | D:4      | Found a sand-covered staircase.
  3244 | Ossuary  | Entered an ossuary
  3470 | Ossuary  | Acquired Makhleb's second power
  3610 | Ossuary  | Reached skill level 9 in Crossbows
  3967 | D:4      | Reached skill level 5 in Armour
  4012 | D:4      | Found Waazez's Armour Shop.
  4993 | D:4      | Reached skill level 1 in Axes
  4993 | D:4      | Reached XP level 8. HP: 28/63 MP: 12/12
  5207 | D:4      | Noticed dasmau89's ghost (weakling SpEn)
  5207 | D:4      | Acquired Makhleb's third power
  5228 | D:4      | Killed dasmau89's ghost
  5264 | D:5      | Entered Level 5 of the Dungeon
  5308 | D:5      | Found a staircase to the Ecumenical Temple.
  5346 | Temple   | Entered the Ecumenical Temple
  5590 | D:5      | Noticed dasmau89's ghost (experienced MiFi)
  5821 | D:5      | Killed dasmau89's ghost
  5821 | D:5      | Reached skill level 5 in Axes
  5821 | D:5      | Reached skill level 5 in Invocations
  6148 | D:5      | Acquired Makhleb's fourth power
  6200 | D:5      | Noticed a smoke demon
  6215 | D:5      | HP: 2/63 [smoke demon/divine providence[the player character] (10)]
  6229 | D:5      | HP: 1/63 [centaur (5)]
  6235 | D:5      | Incinerated by a smoke demon

Action                   |  1- 3 |  4- 6 |  7- 9 || total
-------------------------+-------+-------+-------++-------
Melee: Short sword       |   101 |   299 |    29 ||   429
       Dagger            |       |       |   106 ||   106
       Hand axe          |       |       |    68 ||    68
 Fire: Hand crossbow     |    37 |    87 |   274 ||   398
Invok: Minor Destruction |       |       |    21 ||    21
       Lesser Servant of |       |       |     5 ||     5
 Abil: Device Recharging |       |       |     2 ||     2
Evoke: Wand              |     1 |     3 |    15 ||    19
  Use: Scroll            |       |       |    11 ||    11
       Potion            |       |       |     1 ||     1
  Eat: Chunk             |     1 |     2 |     3 ||     6
       Pizza             |       |     2 |       ||     2
       Bread ration      |       |       |     2 ||     2
